PBL
WINDY CITY THUNDERBOLTS @ LONDON MAJORS
07/04/2046
 
TOP OF THE 1ST
Windy City ThunderBolts batting - Pitching for London Majors : RHP Shalom Diender
Pitching: RHP Shalom Diender
Batting: RHB Enrique Gomez 0-0: Foul Ball, location: 2F
0-1: Foul Ball, location: 2F
0-2: SOLO HOME RUN (Flyball, 78XD, EV 105.6 MPH), Distance : 407 ft
Batting: RHB Francisco Marin 0-0: Called Strike
0-1: Ball
1-1: Ball
2-1: Ball
3-1: Base on Balls
Batting: SHB Noah Long 0-0: Ball
Francisco Marin is caught stealing 2nd base 2-6
1-0: Hit by Pitch
Batting: SHB Andres Agudo 0-0: Swinging Strike
0-1: Ball
1-1: Hit by Pitch
Noah Long to second
Batting: RHB David Laureano 0-0: Ball
1-0: Ball
2-0: Ball
3-0: Swinging Strike
3-1: Foul Ball, location: 2F
3-2: Strikes out swinging
Batting: RHB Joe Thomas 0-0: Ground out 3-1 (Groundball, 34S, EV 85.0 MPH)
Top of the 1st over - 1 run, 1 hit, 0 errors, 2 left on base; Windy City 1 - London 0
BOTTOM OF THE 1ST
London Majors batting - Pitching for Windy City ThunderBolts : LHP Tom White
Pitching: LHP Tom White
Batting: RHB Pete Duncan 0-0: Foul Ball, location: 2F
0-1: Foul Ball, location: 2F
0-2: Ball
1-2: Strikes out looking
Batting: RHB Jorge Cruz 0-0: Called Strike
0-1: Foul Ball, location: 2F
0-2: Ball
1-2: Strikes out swinging
Batting: RHB John Rios 0-0: Ball
1-0: Ball
2-0: Ball
3-0: Called Strike
3-1: Foul Ball, location: 2F
3-2: Ground out 5-3 (Groundball, 56, EV 91.2 MPH)
Bottom of the 1st over - 0 runs, 0 hits, 0 errors, 0 left on base; Windy City 1 - London 0
TOP OF THE 2ND
Windy City ThunderBolts batting - Pitching for London Majors : RHP Shalom Diender
Batting: LHB Prince Nunley 0-0: Ball
1-0: Foul Ball, location: 2F
1-1: Ball
2-1: Foul Ball, location: 2F
2-2: Foul Ball, location: 2F
2-2: Ball
3-2: Foul Ball, location: 2F
3-2: Foul Ball, location: 2F
3-2: Base on Balls
Batting: SHB Veit Geisler 0-0: Foul Ball, location: 2F
0-1: SINGLE (Groundball, 4MS, EV 76.2 MPH) (infield hit)
Prince Nunley to second
Batting: RHB David Cortez 0-0: Ball
1-0: Ball
2-0: Ball
3-0: Base on Balls
Prince Nunley to third
Veit Geisler to second
Batting: RHB Enrique Gomez 0-0: Ball
1-0: Ball
2-0: Ball
3-0: Called Strike
3-1: SINGLE (Flyball, 89S, EV 85.6 MPH)
Prince Nunley scores
Veit Geisler to third
David Cortez to second
Batting: RHB Francisco Marin 0-0: Ball
1-0: Ball
2-0: Foul Ball, location: 2F
2-1: Called Strike
2-2: Ball
3-2: Foul Ball, location: 2F
3-2: Strikes out swinging
Batting: SHB Noah Long 0-0: Called Strike
0-1: Ball
1-1: Ball
2-1: GRAND SLAM HOME RUN (Flyball, 7D, EV 96.9 MPH), Distance : 361 ft
Batting: SHB Andres Agudo 0-0: Ball
1-0: Foul Ball, location: 2F
1-1: Swinging Strike
1-2: Ground out 4-3 (Groundball, 4, EV 84.4 MPH)
Batting: RHB David Laureano 0-0: Foul Ball, location: 2F
0-1: Foul Ball, location: 2F
0-2: Ball
1-2: Foul Ball, location: 2F
1-2: Ball
2-2: Ball
3-2: Fly out, F9 (Flyball, 89D, EV 84.4 MPH)
Top of the 2nd over - 5 runs, 3 hits, 0 errors, 0 left on base; Windy City 6 - London 0
BOTTOM OF THE 2ND
London Majors batting - Pitching for Windy City ThunderBolts : LHP Tom White
Batting: RHB Luis Gomez 0-0: Ground out 6-3 (Groundball, 6, EV 87.5 MPH)
Batting: RHB Luis Vargas 0-0: Swinging Strike
0-1: Ball
1-1: Ball
2-1: Foul Ball, location: 2F
2-2: Ball
3-2: Strikes out swinging
Batting: RHB Rudolph Lentz 0-0: Ball
1-0: SINGLE (Groundball, 6MD, EV 93.8 MPH)
Batting: RHB Mikey Sano 0-0: Fly out, F8 (Flyball, 8RM, EV 99.4 MPH)
Bottom of the 2nd over - 0 runs, 1 hit, 0 errors, 1 left on base; Windy City 6 - London 0
TOP OF THE 3RD
Windy City ThunderBolts batting - Pitching for London Majors : RHP Shalom Diender
Batting: RHB Joe Thomas 0-0: Ball
1-0: Ball
2-0: Called Strike
2-1: Foul Ball, location: 2F
2-2: Strikes out swinging
Batting: LHB Prince Nunley 0-0: Fly out, F8 (Line Drive, 8LM, EV 85.6 MPH)
Batting: SHB Veit Geisler 0-0: Called Strike
0-1: SINGLE (Groundball, 3S, EV 71.2 MPH) (infield hit)
Pitching: LHP Frank Cota
Batting: RHB David Cortez Pickoff Throw to First - Error! E1
Veit Geisler to second
0-0: Called Strike
0-1: Foul Ball, location: 2F
0-2: Strikes out looking
Top of the 3rd over - 0 runs, 1 hit, 1 error, 1 left on base; Windy City 6 - London 0
BOTTOM OF THE 3RD
London Majors batting - Pitching for Windy City ThunderBolts : LHP Tom White
Batting: RHB Manny Elizondo 0-0: Ball
1-0: Ground out U3 (Groundball, 34S, EV 86.9 MPH)
Batting: RHB Lao-che Zhu 0-0: Called Strike
0-1: Ball
1-1: SINGLE (Line Drive, 34D, EV 103.1 MPH)
Batting: RHB Pete Duncan 0-0: Ball
1-0: Ball
2-0: Called Strike
2-1: Foul Ball, location: 2F
2-2: Foul Ball, location: 2F
2-2: Ball
3-2: Base on Balls
Lao-che Zhu to second
Batting: RHB Jorge Cruz 0-0: Ball
1-0: Called Strike
1-1: Foul Ball, location: 2F
1-2: Strikes out swinging
Batting: RHB John Rios 0-0: Ball
1-0: Ball
2-0: Swinging Strike
2-1: Called Strike
2-2: Ball
3-2: DOUBLE (Line Drive, 7LM, EV 107.5 MPH)
Lao-che Zhu scores
Pete Duncan to third
Pete Duncan scores
Batting: RHB Luis Gomez 0-0: Called Strike
0-1: Foul Ball, location: 2F
0-2: Foul Ball, location: 2F
0-2: SINGLE (Groundball, 56S, EV 67.5 MPH) (infield hit)
John Rios to third
Batting: RHB Luis Vargas 0-0: Foul Ball, location: 2F
0-1: Ball
1-1: Ball
2-1: Called Strike
2-2: Strikes out swinging
Bottom of the 3rd over - 2 runs, 3 hits, 0 errors, 2 left on base; Windy City 6 - London 2
TOP OF THE 4TH
Windy City ThunderBolts batting - Pitching for London Majors : LHP Frank Cota
Batting: RHB Enrique Gomez 0-0: Ball
1-0: Ball
2-0: Ball
3-0: Called Strike
3-1: Base on Balls
Batting: RHB Francisco Marin 0-0: Called Strike
0-1: Foul Ball, location: 2F
0-2: Strikes out swinging
Batting: SHB Noah Long 0-0: Ball
1-0: Fly out, F9 (Flyball, 89S, EV 93.1 MPH)
Batting: SHB Andres Agudo 0-0: Foul Ball, location: 2F
0-1: Ball
1-1: Swinging Strike
1-2: Foul Ball, location: 2F
1-2: Strikes out swinging
Top of the 4th over - 0 runs, 0 hits, 0 errors, 1 left on base; Windy City 6 - London 2
BOTTOM OF THE 4TH
London Majors batting - Pitching for Windy City ThunderBolts : LHP Tom White
Batting: RHB Rudolph Lentz 0-0: Ball
1-0: Foul Ball, location: 2F
1-1: Ball
2-1: Swinging Strike
2-2: Strikes out looking
Batting: RHB Mikey Sano 0-0: Ball
1-0: Ball
2-0: Ball
3-0: Called Strike
3-1: Reached on error, E4 (Groundball, 4, EV 86.2 MPH)
Batting: RHB Manny Elizondo 0-0: Called Strike
0-1: Ball
1-1: Ball
2-1: Foul Ball, location: 2F
2-2: Strikes out swinging
Batting: RHB Lao-che Zhu 0-0: Fly out, F9 (Flyball, 89M, EV 96.9 MPH)
Bottom of the 4th over - 0 runs, 0 hits, 1 error, 1 left on base; Windy City 6 - London 2
TOP OF THE 5TH
Windy City ThunderBolts batting - Pitching for London Majors : LHP Frank Cota
Batting: RHB David Laureano 0-0: Called Strike
0-1: Ball
1-1: Called Strike
1-2: Ground out 5-3 (Groundball, 56S, EV 86.2 MPH)
Batting: RHB Joe Thomas 0-0: Ball
1-0: Ball
2-0: Called Strike
2-1: Fly out, F9 (Line Drive, 89M, EV 89.4 MPH)
Batting: LHB Prince Nunley 0-0: Ball
1-0: Swinging Strike
1-1: SINGLE (Groundball, 4MD, EV 99.4 MPH)
Batting: SHB Veit Geisler 0-0: 2-RUN HOME RUN (Flyball, 7D, EV 99.4 MPH), Distance : 383 ft
Batting: RHB David Cortez 0-0: Foul Ball, location: 2F
0-1: SINGLE (Groundball, 56D, EV 95.6 MPH)
Batting: RHB Enrique Gomez 0-0: Foul Ball, location: 2F
0-1: DOUBLE (Line Drive, 89D, EV 97.5 MPH)
David Cortez to third
Batting: RHB Francisco Marin 0-0: Ball
1-0: Swinging Strike
1-1: Called Strike
1-2: Ball
2-2: Ball
3-2: Strikes out swinging
Top of the 5th over - 2 runs, 4 hits, 0 errors, 2 left on base; Windy City 8 - London 2
BOTTOM OF THE 5TH
London Majors batting - Pitching for Windy City ThunderBolts : LHP Tom White
Pitching: LHP Humberto Carrera
Batting: RHB Pete Duncan 0-0: Ball
1-0: Ball
2-0: SINGLE (Groundball, 56D, EV 100.0 MPH)
Batting: RHB Jorge Cruz 0-0: Ball
1-0: Ball
2-0: Foul Ball, location: 2F
2-1: Foul Ball, location: 2F
2-2: Fly out, F9 (Flyball, 9D, EV 86.9 MPH)
Batting: RHB John Rios 0-0: Ball
1-0: Called Strike
1-1: Foul Ball, location: 2F
1-2: Foul Ball, location: 2F
1-2: Ball
2-2: Ball
3-2: Foul Ball, location: 2F
3-2: SINGLE (Groundball, 34D, EV 104.4 MPH)
Pete Duncan to second
Pete Duncan to third
Batting: RHB Luis Gomez 0-0: Ball
1-0: Called Strike
1-1: Foul Ball, location: 2F
1-2: Ball
2-2: Ball
3-2: Fly out, F9 (Flyball, 9LS, EV 81.2 MPH)
Batting: RHB Luis Vargas 0-0: Reached on error, E6 (Groundball, 6, EV 105.0 MPH)
Pete Duncan scores
John Rios to second
Pitching: RHP Jose Rodriguez
Pinch Hitting: RHB Mike Chamberlain 0-0: Ball
1-0: Ground out 5-3 (Groundball, 15, EV 88.8 MPH)
Bottom of the 5th over - 1 run, 2 hits, 1 error, 2 left on base; Windy City 8 - London 3
TOP OF THE 6TH
Windy City ThunderBolts batting - Pitching for London Majors : LHP Frank Cota
Now in RF: Mike Chamberlain
Batting: SHB Noah Long 0-0: Ball
1-0: Ball
2-0: Called Strike
2-1: Foul Ball, location: 2F
2-2: Fly out, F9 (Flyball, 89S, EV 90.0 MPH)
Batting: SHB Andres Agudo 0-0: Called Strike
0-1: Ball
1-1: Swinging Strike
1-2: Ball
2-2: Strikes out swinging
Batting: RHB David Laureano 0-0: Called Strike
0-1: Foul Ball, location: 2F
0-2: Ball
1-2: Ball
2-2: Foul Ball, location: 2F
2-2: Fly out, F4 (Popup, 4, EV 70.6 MPH)
Top of the 6th over - 0 runs, 0 hits, 0 errors, 0 left on base; Windy City 8 - London 3
BOTTOM OF THE 6TH
London Majors batting - Pitching for Windy City ThunderBolts : RHP Jose Rodriguez
Pinch Hitting: RHB Terry Plumley 0-0: Fly out, F4 (Popup, 3S, EV 84.4 MPH)
Batting: RHB Manny Elizondo 0-0: Called Strike
0-1: Ball
1-1: Foul Ball, location: 2F
1-2: Strikes out swinging
Pinch Hitting: RHB Akira Kubo 0-0: Ball
1-0: Swinging Strike
1-1: Ground out 2-3 (Groundball, 2L, EV 67.5 MPH)
Bottom of the 6th over - 0 runs, 0 hits, 0 errors, 0 left on base; Windy City 8 - London 3
TOP OF THE 7TH
Windy City ThunderBolts batting - Pitching for London Majors : LHP Frank Cota
Now at 1B: Terry Plumley
Now at 2B: Akira Kubo
Now at 3B: Pete Duncan
Batting: RHB Joe Thomas 0-0: Called Strike
0-1: SINGLE (Groundball, 56D, EV 111.9 MPH)
Batting: LHB Prince Nunley 0-0: Swinging Strike
0-1: Called Strike
0-2: Foul Ball, location: 2F
0-2: Foul Ball, location: 2F
0-2: Strikes out swinging
Pitching: LHP Bryan Reynolds
Batting: SHB Veit Geisler 0-0: Grounds into double play, 6-4-3 (Groundball, 6D, EV 111.2 MPH)
Top of the 7th over - 0 runs, 1 hit, 0 errors, 0 left on base; Windy City 8 - London 3
BOTTOM OF THE 7TH
London Majors batting - Pitching for Windy City ThunderBolts : RHP Jose Rodriguez
Batting: RHB Pete Duncan 0-0: Ball
1-0: Ball
2-0: Called Strike
2-1: Ball
3-1: Base on Balls
Pinch Hitting: RHB Bobby Roldan 0-0: Called Strike
0-1: Ball
1-1: Ground out 6-3 (Groundball, 6S, EV 66.2 MPH)
Pete Duncan to second
Batting: RHB John Rios 0-0: Ball
1-0: Ball
2-0: Ball
3-0: Called Strike
3-1: Base on Balls
Batting: RHB Luis Gomez 0-0: Ball
1-0: Ball
2-0: Ball
3-0: Called Strike
3-1: Called Strike
3-2: Strikes out swinging
Pitching: LHP James Reynolds
Batting: RHB Luis Vargas 0-0: Ball
1-0: Ball
2-0: Ball
3-0: Base on Balls
Pete Duncan to third
John Rios to second
Batting: RHB Mike Chamberlain 0-0: Called Strike
0-1: Called Strike
0-2: Ball
1-2: Foul Ball, location: 2F
1-2: Fly out, F7 (Flyball, 7, EV 95.0 MPH)
Bottom of the 7th over - 0 runs, 0 hits, 0 errors, 3 left on base; Windy City 8 - London 3
TOP OF THE 8TH
Windy City ThunderBolts batting - Pitching for London Majors : LHP Bryan Reynolds
Now at SS: Bobby Roldan
Batting: RHB David Cortez 0-0: Called Strike
0-1: Foul Ball, location: 2F
0-2: Strikes out swinging
Batting: RHB Enrique Gomez 0-0: Called Strike
0-1: Hit by Pitch
Batting: RHB Francisco Marin 0-0: Ball
1-0: Foul Ball, location: 2F
1-1: Swinging Strike
1-2: Strikes out swinging
Batting: SHB Noah Long 0-0: Ball
1-0: Ball
2-0: Foul Ball, location: 2F
2-1: Fly out, F9 (Flyball, 9LS, EV 83.8 MPH)
Top of the 8th over - 0 runs, 0 hits, 0 errors, 1 left on base; Windy City 8 - London 3
BOTTOM OF THE 8TH
London Majors batting - Pitching for Windy City ThunderBolts : LHP James Reynolds
Batting: RHB Terry Plumley 0-0: Called Strike
0-1: SINGLE (Groundball, 6, EV 98.8 MPH)
Batting: RHB Manny Elizondo 0-0: Ball
1-0: SINGLE (Line Drive, 5L, EV 103.8 MPH)
Terry Plumley to second
Batting: RHB Akira Kubo 0-0: Called Strike
0-1: SINGLE (Groundball, 56D, EV 98.8 MPH)
Terry Plumley to third
Manny Elizondo to second
Batting: RHB Pete Duncan 0-0: Ball
1-0: Ball
2-0: Ball
3-0: Base on Balls
Terry Plumley scores
Manny Elizondo to third
Akira Kubo to second
Pinch Hitting: SHB Kevin Watson 0-0: Called Strike
0-1: Ball
1-1: Ball
2-1: Ball
3-1: Foul Ball, location: 2F
3-2: SINGLE (Line Drive, 89S, EV 109.4 MPH)
Manny Elizondo scores
Akira Kubo to third
Pete Duncan to second
Pitching: RHP Nate Myers
Batting: RHB John Rios 0-0: Ball
1-0: Called Strike
1-1: DOUBLE (Groundball, 5D, EV 105.0 MPH)
Akira Kubo scores
Pete Duncan scores
Kevin Watson to third
Runner from 3rd tries for Home, SAFE, throw by LF to home
Batting: RHB Luis Gomez 0-0: Intentional Walk
Pinch Hitting: RHB Mark Noftall 0-0: Fly out, F8 (Line Drive, 8LS, EV 85.0 MPH)
Batting: RHB Mike Chamberlain 0-0: Swinging Strike
0-1: Ball
1-1: SINGLE (Groundball, 4D, EV 100.0 MPH)
John Rios to third
Luis Gomez to second
Batting: RHB Terry Plumley 0-0: Called Strike
0-1: Fly out, F8 (Flyball, 8LXD, EV 90.6 MPH)
Runner from 3rd tags up, SCORES, no throw by CF
Batting: RHB Manny Elizondo 0-0: Foul Ball, location: 2F
0-1: Foul Ball, location: 2F
0-2: Strikes out swinging
Bottom of the 8th over - 6 runs, 6 hits, 0 errors, 2 left on base; Windy City 8 - London 9
TOP OF THE 9TH
Windy City ThunderBolts batting - Pitching for London Majors : LHP Bryan Reynolds
Pitching: LHP Quadir Dade
Now at C: David Gamez
Now at SS: Toby Patenaude
Batting: SHB Andres Agudo 0-0: Ball
1-0: Ball
2-0: Fly out, F9 (Line Drive, 9, EV 94.4 MPH)
Batting: RHB David Laureano 0-0: Ball
1-0: Ground out 4-3 (Groundball, 34, EV 85.6 MPH)
Pinch Hitting: RHB Brad Adams Jr. 0-0: Ball
1-0: Called Strike
1-1: Ground out U3 (Groundball, 34, EV 106.2 MPH)
Top of the 9th over - 0 runs, 0 hits, 0 errors, 0 left on base; Windy City 8 - London 9
Tuesday, September 13th , 2022 - OOTP Baseball 23.7 Build 88